Map: New Gettysburg LE

Players

cookymonster

  • Race: Zerg Zerg
  • League: Gold
  • Spawn Location: 7:00

Fropez - Winner!

  • Race: Protoss Protoss
  • League: Gold
  • Spawn Location: 5:00

VOD

Have the link to the VOD?

Description

Time

  • Played on: Oct. 6, 2016, 7:22 p.m.
  • Length: 17:26
Show
View Real Time Build Order
Export as new Build Order

cookymonster Zerg 

Build Orders: Pool First 

Get SALT Encoding   

  12  0:08  Drone  
  13  0:24  Spawning Pool  
  13  0:27  Extractor  
  11  0:29  Drone  
  11  0:34  Drone  
  13  0:39  Drone  
  14  0:47  Overlord  
  14  1:11  Queen  
  16  1:20  Roach Warren  
  15  2:00  Roach x3  
  21  2:11  Overlord  
  21  2:27  Overlord  
  23  2:30  Roach  
  23  2:40  Roach x2  
  27  2:59  Hatchery  
  26  3:34  Roach x3  
  32  3:35  Overlord  
  32  3:46  Ravager  
  33  3:51  Ravager x2  
  34  4:34  Roach x3  
  34  4:35  Zergling x4, Roach  
  28  5:42  Drone x4  
  25  5:54  Metabolic Boost  
  25  5:56  Drone  
  24  6:18  Drone x4  
  26  6:19  Drone  
  28  6:29  Queen  
  30  6:40  Queen  
  30  6:44  Drone  
  30  6:46  Drone  
  34  7:04  Drone  
  34  7:05  Drone x3  
  38  7:17  Drone  
  38  7:18  Drone x3  
  42  7:36  Overlord  
  42  7:37  Overlord  
  42  7:46  Drone x2  
  42  7:49  Overlord  
  44  8:11  Queen  
  48  8:21  Spore Crawler  
  48  8:23  Spore Crawler  
  44  8:27  Lair  
  44  8:30  Extractor  
  44  8:34  Drone x4  
  44  8:35  Drone x5  
  52  8:45  Zergling x10  
  52  8:46  Zergling x2  
  58  8:50  Hatchery  
  57  9:00  Extractor  
  57  9:01  Extractor  
  55  9:10  Zergling x2  
  55  9:11  Overlord, Zergling x6  
  59  9:26  Zergling x4  
  59  9:27  Zergling x6  
  64  9:50  Hydralisk Den  
  62  10:00  Pneumatized Carapace  
  62  10:06  Drone  
  62  10:07  Drone x6  
  65  10:08  Drone  
  65  10:09  Overlord x3  
  70  10:22  Overlord x2  
  67  10:44  Zergling x2  
  67  10:45  Hydralisk x2, Zergling x6  
  67  10:46  Hydralisk x4  
  67  10:47  Overlord  
  83  10:52  Queen  
  85  11:09  Drone x4  
  89  11:31  Hydralisk x3  
  89  11:32  Hydralisk x5  
  98  11:34  Overlord x2  
  98  11:35  Overlord  
  98  11:38  Overseer x2  
  98  11:39  Overseer x3  
  104  11:48  Hydralisk x3  
  104  11:49  Roach  
  104  11:50  Roach  
  108  12:29  Hydralisk  
  100  12:30  Hydralisk x6  
  100  12:31  Hydralisk x5  
  119  12:44  Hydralisk x4  
  127  13:04  Hydralisk x4  
  127  13:05  Hydralisk  
  136  13:24  Overlord x3  
  136  13:35  Evolution Chamber  
  136  13:37  Evolution Chamber  
  136  13:38  Drone  
  136  13:39  Drone x2  
  137  13:58  Overlord x2  
  137  13:59  Hydralisk x3  
  137  14:01  Drone x2  
  137  14:02  Drone x2  
  147  14:04  Zerg Melee Weapons Level 1  
  147  14:05  Zerg Missile Weapons Level 1  
  147  14:20  Muscular Augments  
  147  14:36  Hatchery  
  146  15:17  Hydralisk x4  
  146  15:18  Hydralisk x6  
  146  15:19  Hydralisk  
  158  16:09  Hydralisk x5  
  158  16:10  Hydralisk x5  
  96  16:24  Hydralisk x4  
  80  16:43  Zergling x6  
  80  16:44  Zergling x6  
  86  16:58  Spine Crawler  
  86  17:00  Spine Crawler  
  84  17:01  Spine Crawler  
  84  17:07  Spine Crawler x2  
  81  17:08  Spine Crawler  
Show
View Real Time Build Order
Export as new Build Order

Fropez Protoss - Winner!

Build Orders:  

Get SALT Encoding   

  12  0:01  Probe (Chrono Boost)  
  13  0:16  Pylon  
  13  0:18  Probe (Chrono Boost)  
  14  0:29  Probe (Chrono Boost)  
  15  0:36  Gateway  
  15  0:39  Probe (Chrono Boost)  
  16  0:50  Probe (Chrono Boost)  
  17  0:59  Assimilator  
  17  1:00  Probe (Chrono Boost)  
  17  1:02  Pylon  
  18  1:11  Pylon  
  18  1:18  Probe (Chrono Boost)  
  19  1:25  Cybernetics Core  
  19  1:29  Probe (Chrono Boost)  
  20  1:39  Probe (Chrono Boost)  
  21  1:55  Gateway x2  
  23  2:10  Warp Gate (Chrono Boost)  
  20  2:23  Probe  
  20  2:29  Assimilator  
  21  2:37  Nexus  
  21  2:42  Pylon  
  21  2:48  Pylon  
  21  2:56  Mothership Core  
  23  3:05  Pylon  
  28  3:51  Twilight Council  
  28  3:55  Probe  
  23  4:01  Adept x3  
  29  4:14  Probe  
  29  4:15  Probe  
  30  4:23  Stalker  
  30  4:24  Stalker x2  
  37  4:35  Pylon  
  35  4:38  Pylon  
  31  4:52  Stalker  
  31  4:54  Pylon  
  31  4:56  Pylon  
  26  5:09  Stalker  
  26  5:10  Stalker  
  28  5:16  Mothership Core (Chrono Boost)  
  28  5:19  Stalker  
  26  5:41  Adept  
  26  5:42  Adept  
  28  5:46  Probe (Chrono Boost)  
  29  5:56  Probe (Chrono Boost)  
  28  6:11  Probe (Chrono Boost)  
  28  6:13  Blink (Chrono Boost)  
  29  6:18  Stalker  
  29  6:20  Sentry x2, Gateway  
  35  6:29  Probe (Chrono Boost)  
  36  6:39  Probe (Chrono Boost)  
  37  6:43  Pylon  
  37  6:48  Stalker  
  37  6:50  Probe (Chrono Boost)  
  40  7:01  Probe  
  41  7:02  Stalker  
  41  7:07  Stalker  
  45  7:24  Nexus  
  45  7:27  Probe  
  46  7:39  Probe  
  47  7:45  Pylon  
  47  7:47  Pylon  
  47  7:51  Probe, Stalker  
  47  7:52  Sentry  
  52  8:23  Stalker x2  
  56  8:33  Probe  
  57  8:37  Gateway  
  57  9:02  Nexus  
  57  9:07  Probe x2  
  59  9:11  Pylon  
  59  9:16  Stalker  
  61  9:28  Assimilator  
  61  9:30  Assimilator  
  61  9:34  Gateway  
  61  9:39  Robotics Facility x2  
  61  9:40  Probe  
  61  9:42  Probe  
  63  10:00  Forge  
  63  10:04  Gateway  
  63  10:05  Gateway  
  63  10:08  Pylon  
  63  10:13  Probe  
  63  10:15  Probe  
  63  10:17  Pylon, Probe  
  66  10:41  Immortal x2  
  70  10:43  Resonating Glaives (Chrono Boost)  
  70  10:45  Protoss Ground Weapons Level 1 (Chrono Boost)  
  64  11:04  Adept x4  
  64  11:05  Adept  
  74  11:14  Adept  
  74  11:15  Adept x2  
  74  11:18  Probe  
  80  11:19  Probe  
  80  11:20  Assimilator  
  80  11:22  Assimilator  
  82  11:28  Pylon  
  82  11:46  Immortal x2  
  90  11:52  Probe  
  91  11:55  Templar Archives  
  91  11:58  Probe x2  
  93  12:11  Adept x3  
  93  12:12  Adept x2  
  93  12:14  Probe  
  103  12:15  Probe  
  99  12:24  Warp Prism  
  91  12:38  Adept  
  91  12:39  Adept x6  
  91  12:40  Adept  
  107  13:06  Sentry  
  107  13:10  High Templar x5  
  107  13:11  High Templar x2  
  123  13:14  Archon x2  
  123  13:15  Archon  
  123  13:32  Immortal x2  
  131  13:38  Protoss Ground Armor Level 1 (Chrono Boost)  
  131  13:42  Gateway  
  131  13:44  Gateway  
  131  13:46  Gateway  
  131  13:49  Gateway  
  131  13:51  Adept, Gateway  
  131  13:53  Gateway  
  133  13:59  Pylon  
  133  14:00  Pylon  
  133  14:03  Pylon  
  133  14:08  Pylon  
  133  14:11  Pylon  
  133  14:16  Pylon  
  133  14:18  Observer x2 (Chrono Boost)  
  135  14:42  Nexus  
  135  14:43  High Templar x2  
  135  14:44  High Templar x2  
  143  14:47  Pylon, Archon x2  
  143  14:52  Nexus  
  143  15:01  Stalker x3  
  143  15:02  Stalker  
  145  15:33  Observer x2 (Chrono Boost)  
  147  15:37  Adept x7  
  147  15:38  Adept  
  163  15:52  Immortal x2 (Chrono Boost)  
  129  16:23  Stalker x2  
  129  16:24  Stalker x6  
  143  16:27  Immortal (Chrono Boost)  
  147  16:37  Probe  
  147  16:39  Probe x2  
  150  16:44  Probe  
  151  16:48  Probe  
  152  17:14  Assimilator  
  152  17:18  Assimilator  
  152  17:20  Pylon  
  148  17:23  Pylon  
Tags
 
League
GoldGold
Matchup
PvZ
Opening
Pool First
Replay Pack
All Mines
Spawn Locations
Close Positions
Add a new tag
Caveats
  • Supply blocks, unpowered buildings, or Contaminate may cause inaccurate times.
  • Supply counts are checked every 10 seconds.